 Dungeon Crawl Stone Soup version 0.22-a0-406-g9ff8d77 (webtiles) character file.

77 Mgcat the Charlatan (level 3, -2/29 HPs)
             Began as a Demigod Artificer on May 8, 2018.
             Slain by a worm (9 damage)
             ... on level 2 of the Dungeon.
             The game lasted 00:03:31 (1559 turns).

Mgcat the Charlatan (Demigod Artificer)             Turns: 1559, Time: 00:03:32

Health: -2/29      AC:  3    Str: 17    XL:     3   Next: 91%
Magic:  17/17      EV: 12    Int: 15    God:
Gold:   29         SH:  0    Dex: 16    Spells: 2/2 levels left

rFire    . . .     SeeInvis .   a - +0 short sword
rCold    . . .     Gourm    .   (no shield)
rNeg     . . .     Faith    .   b - +0 leather armour
rPois    .         Spirit   .   (no helmet)
rElec    .         Reflect  .   (no cloak)
rCorr    .         Harm     .   (no gloves)
MR       +....                  (no boots)
Stlth    ++........             (no amulet)
HPRegen  0.09/turn              m - ring of magical power {MP+9}
MPRegen  0.15/turn              o - ring of protection from magic {MR+, !d}

@: no status effects
A: high mp 1
a: no special abilities


You were on level 2 of the Dungeon.
You were not hungry.

You visited 1 branch of the dungeon, and saw 2 of its levels.

You collected 29 gold pieces.

Inventory:

Hand Weapons
 a - a +0 short sword (weapon)
 h - a cursed +0 club
   (You took it off a goblin on level 1 of the Dungeon)
Armour
 b - a +0 leather armour (worn)
Jewellery
 m - a ring of magical power (left hand) {MP+9}
   (You found it on level 1 of the Dungeon)
 o - a ring of protection from magic (right hand) {MR+, !d}
   (You found it on level 1 of the Dungeon)
Wands
 c - a wand of flame (11)
 d - a wand of enslavement (15)
 e - a wand of random effects (12)
Scrolls
 i - a scroll of fog {unknown}
 k - 3 scrolls of teleportation {unknown}
 n - a scroll of amnesia {unknown}
 p - a scroll of enchant armour {unknown}
 r - a scroll of identify {unknown}
Potions
 g - a potion of cancellation {unknown}
 j - 3 potions of degeneration {unknown}
 l - a potion of mutation {unknown}
Comestibles
 f - 8 rations


   Skills:
 + Level 2.2 Fighting
 - Level 0.8 Short Blades
 + Level 1.4 Maces & Flails
 - Level 1.7 Dodging
 - Level 0.8 Stealth
 + Level 3.5 Evocations


You had 2 spell levels left.
You didn't know any spells.

Dungeon Overview and Level Annotations

Branches:
Dungeon (2/15)


Innate Abilities, Weirdness & Mutations

You have an increased reservoir of magic. (+10% MP)


Message History

You hit the leopard gecko.
You kill the leopard gecko!
The rat bites you.
You puncture the rat!
You kill the rat!
HP restored.
You butcher the leopard gecko corpse.
g - a chunk of flesh {@w0} You see here a leopard gecko skeleton. x2
Eating a chunk of flesh {@w0}.
You eat the chunk of flesh {@w0}.
This raw flesh tastes terrible.
j - 3 fizzy sapphire potions (gained 2)
The giant cockroach is too close now for your liking.
You hit the giant cockroach.
You kill the giant cockroach!
No target in view!
No target in view!
Found a stone staircase leading down.
k - 2 scrolls labeled ZOUPER TUNE (gained 1)
k - 3 scrolls labeled ZOUPER TUNE (gained 1)
f - 8 rations (gained 1)
An ooze comes into view.
A rat comes into view.
The ooze quivers.
You completely miss the ooze. The ooze misses you.
You hit the ooze.
The ooze is lightly wounded.
The ooze barely misses you.
You hit the ooze but do no damage.
The ooze is lightly wounded.
The rat closely misses you. The ooze hits you but does no damage.
You barely miss the ooze.
The ooze is lightly wounded.
The rat misses you. The ooze barely misses you. The rat barely misses you.
You hit the ooze but do no damage.
The ooze is lightly wounded.
The ooze barely misses you. The rat bites you.
You hit the ooze.
The ooze is heavily wounded.
The ooze closely misses you. The rat barely misses you.
You hit the ooze.
You kill the ooze!
The rat completely misses you.
You hit the rat.
You kill the rat!
No target in view!
No target in view!
No target in view!
g - a fizzy puce potion A rat comes into view.
A rat is nearby!
The helpless rat fails to defend itself.
You puncture the rat!
You kill the rat!
No target in view!
No target in view!
You open the door.
There is an open door here.
l - a fuming clear potion You open the door.
There is an open door here.
A worm comes into view.
You see here 23 stones.
The worm bites you!
You are too injured to fight recklessly!
You are too injured to fight recklessly!
You are too injured to fight recklessly!
You hit the worm.
The worm is lightly wounded.
The worm bites you.
You hit the worm.
The worm is moderately wounded.
You barely miss the worm.
The worm is moderately wounded.
The worm bites you!
You hit the worm.
The worm is heavily wounded.
You barely miss the worm.
The worm is heavily wounded.
The worm bites you.
* * * LOW HITPOINT WARNING * * *
Evoke which item? (* to show all) (? for menu, Esc to quit)
Aiming: Throw Flame
Press: ? - help, Shift-Dir - straight line, f - worm
Aim: a worm (heavily wounded)
The puff of flame hits the worm.
The worm is severely wounded.
The worm barely misses you.
Evoke which item? (* to show all) (? for menu, Esc to quit)
Aiming: Random Effects
Press: ? - help, Shift-Dir - straight line, f/p - worm
Aim: a worm (heavily wounded)
The puff of flame hits the worm.
The worm is almost dead.
Evoke which item? (* to show all) (? for menu, Esc to quit)
Aiming: Random Effects
Press: ? - help, Shift-Dir - straight line, f/p - worm
Aim: a worm (almost dead)
The worm seems to slow down.
The worm bites you!
You die...

# #### #######.# ...#
#.......#
...#############.....#..
...'..........(.@w......
...####......###....##.#
...# #......# ######
...# #......#
#######......#
.............#
.............#
.............#
#######......#


You could see a worm.

Vanquished Creatures
  3 adders (D:2)
  2 oozes
  A dart slug (D:1)
  3 leopard geckos
  4 bats (D:1)
  3 giant cockroaches
  4 goblins
  3 hobgoblins
  2 kobolds
  A ball python (D:1)
  8 frilled lizards
  7 rats
41 creatures vanquished.

Notes
Turn   | Place    | Note
-------+----------+-------------------------------------------
     0 | D:1      | Mgcat the Demigod Artificer began the quest for the Orb.
     0 | D:1      | Reached XP level 1. HP: 15/15 MP: 5/5
    15 | D:1      | Reached skill level 1 in Fighting
    50 | D:1      | Reached skill level 3 in Evocations
   115 | D:1      | Reached XP level 2. HP: 13/23 MP: 6/6
   988 | D:2      | Reached skill level 2 in Fighting
   988 | D:2      | Reached skill level 1 in Maces & Flails
   988 | D:2      | Reached XP level 3. HP: 26/29 MP: 8/8
   999 | D:2      | HP: 7/29 [poisoned by an adder]
  1007 | D:2      | HP: 6/29 [poisoned by an adder]
  1084 | D:2      | HP: 7/29 [adder (1)]
  1355 | D:2      | Found a basalt altar of Yredelemnul.
  1556 | D:2      | HP: 7/29 [worm (3)]
  1559 | D:2      | Slain by a worm

Vault maps used:
D:1:      dpeg_arrival_simpleton_c
D:2:      nicolae_overflow_crystal_walls

Skill      XL: |  1  2 |
---------------+-------+-----
Fighting       | 1 2 |  2.2
Evocations     | 3 |  3.5
Maces & Flails | 1 |  1.4
Short Blades   | |  0.8
Dodging        | |  1.7
Stealth        | |  0.8

Action                   || total
-------------------------++-------
Melee: Short sword       ||   143
Evoke: Wand              ||     7
  Use: Potion            ||     2
 Stab: Sleeping          ||     1
  Eat: Chunk             ||     2
Armor: Leather armour    ||    46
Dodge: Dodged            ||   121

Table legend:
 A = Spawn XP
 B = Non-spawn XP
 C = Spawn XP percentage of total XP
 D = Spawn monster count
 E = Non-spawn monster count
 F = Spawn count percentage of total count
 G = Total turns spent on level
                    A         B        C        D         E        F      G
               +---------+---------+-------+---------+---------+-------+---------
         Total |       0 |     110 |   0.0 |       0 |      41 |   0.0 |  1559
               +---------+---------+-------+---------+---------+-------+---------
           D:1 |       0 |      45 |   0.0 |       0 |      25 |   0.0 |  1120
           D:2 |       0 |      65 |   0.0 |       0 |      16 |   0.0 |   439
               +---------+---------+-------+---------+---------+-------+---------

Vault maps used:
D:1:      dpeg_arrival_simpleton_c
D:2:      nicolae_overflow_crystal_walls

Table legend:
 A = Turns spent in this place as a percentage of turns spent in the entire game.
 B = Non-inter-level travel turns spent in this place as a percentage of non-inter-level travel turns spent in the entire game.
 C = Inter-level travel turns spent in this place as a percentage of turns spent in this place.
 D = Turns resting spent in this place as a percentage of non-inter-level travel turns spent in this place.
 E = Turns spent auto-exploring this place as a percentage of non-inter-level travel turns spent in this place.
 F = Non-inter-level travel turns spent in this place divided by the number of levels of this place that you've seen.
                   A       B       C       D       E      F
               +-------+-------+-------+-------+-------+----------------------
         Total | 100.0 | 100.0 |   1.6 |   4.4 |  72.5 | 767.0
       Dungeon | 100.0 | 100.0 |   1.6 |   4.4 |  72.5 | 767.0
               +-------+-------+-------+-------+-------+----------------------

Table legend:
 A = Kills in this place as a percentage of kills in entire the game.
 B = Kills by you in this place as a percentage of kills by you in the entire game.
 C = Kills by friends in this place as a percentage of kills by friends in the entire game.
 D = Other kills in this place as a percentage of other kills in the entire game.
 E = Experience gained in this place as a percentage of experience gained in the entire game.
 F = Experience gained in this place divided by the number of levels of this place that you have seen.
                   A       B       C       D       E      F
               +-------+-------+-------+-------+-------+----------------------
         Total | 100.0 | 100.0 |   N/A |   N/A | 100.0 |  55.0
       Dungeon | 100.0 | 100.0 |   N/A |   N/A | 100.0 |  55.0
               +-------+-------+-------+-------+-------+----------------------
